 Dungeon Crawl Stone Soup version 0.29.1-1-gd02db6906a (webtiles) character file.

Game seed: 15312989353532813807

1 RascalDebosk the Magician (level 1, -2/15 HPs)
             Began as a Djinni Enchanter on Oct 12, 2022.
             Slain by a hobgoblin (5 damage)
             ... on level 1 of the Dungeon.
             The game lasted 00:01:18 (102 turns).

RascalDebosk the Magician (Djinni Enchanter)         Turns: 102, Time: 00:01:19

Health: -2/15      AC:  2    Str:  7    XL:     1   Next: 22%
Gold:   0          EV: 12    Int: 16    God:
                   SH:  0    Dex: 13

rFire   + + .      SeeInvis .   s - +1 dagger
rCold   x . .      Faith    .   (no shield)
rNeg    . . .      Spirit   .   b - +0 robe
rPois   ∞          Reflect  .   (no helmet)
rElec   .          Harm     .   (no cloak)
rCorr   .          Rampage  .   (no gloves)
Will    .....                   (boots unavailable)
Stlth   ++........              (no amulet)
HPRegen 0.05/turn               (no ring)
MPRegen 0.00/turn               (no ring)

@: flying
A: sickness immunity, fire resistance 2, cold vulnerability 1, float, innate
caster, HP casting, extra vitality 1
a: no special abilities


You were on level 1 of the Dungeon.
You visited 1 branch of the dungeon, and saw 1 of its levels.

Inventory:

Hand Weapons
 s - a +1 dagger (weapon)
Armour
 b - a +0 robe (worn)
Potions
 a - a potion of curing {unknown}
 c - 2 potions of invisibility


   Skills:
 + Level 0.0 Fighting
 + Level 0.9 Short Blades
 + Level 2.2 Dodging
 + Level 2.4 Stealth
 + Level 2.4 Spellcasting
 + Level 0.0 Evocations


You couldn't memorise any spells.
You knew the following spells:

 Your Spells              Type           Power      Damage    Failure   Level
a - Ensorcelled Hibernat  Hex/Ice        18%        N/A       11%         2
b - Confusing Touch       Hex            9%         N/A       22%         3
c - Tukima's Dance        Hex            9%         N/A       22%         3
d - Dazzling Flash        Conj/Hex       18%        N/A       22%         3
Your spell library was empty.

Dungeon Overview and Level Annotations

Branches:
Dungeon (1/15)

Altars:


Innate Abilities, Weirdness & Mutations

You are immune to sickness and miasma.
You are immune to poison.
Your flesh is very heat resistant. (rF++)
You are vulnerable to cold. (rC-)
You float through the air rather than walking.
You learn spells naturally, not from books.
Your magical power is your life essence.
You have superior vitality. (+4 MHP)


Message History

Lua error: /dgldir/rcfiles/crawl-0.29/RascalDebosk.rc:335: '' expected near 'end' Welcome, RascalDebosk the Djinni Enchanter.
Everyone else who sought the Orb of Zot has failed.
Will you be different?
Press ? for a list of commands and other information.
Found a staircase leading out of the dungeon.
You begin with the following spells memorised: Ensorcelled Hibernation, Confusing Touch, Tukima's Dance, Dazzling Flash.
Unknown command.
Found 4 stones.
You see here 4 stones.
Found a pair of boots.
Found a sling.
a - a fizzy yellow potion A hobgoblin comes into view.
A hobgoblin comes into view.
The hobgoblin shouts!
Found a scroll labelled HOFECV MUFIAM.
The hobgoblin misses you.
You closely miss the hobgoblin.
The hobgoblin shouts!
Your punch misses the hobgoblin. The hobgoblin barely misses you.
You hit the hobgoblin.
The hobgoblin is severely wounded.
The hobgoblin hits you. x2
You barely miss the hobgoblin.
The hobgoblin is severely wounded.
You hit the hobgoblin.
The hobgoblin is almost dead.
A kobold comes into view. It is wielding a +0 dagger.
The hobgoblin hits you but does no damage.
The hobgoblin completely misses you.
You closely miss the hobgoblin.
The hobgoblin is almost dead.
The hobgoblin barely misses you. The hobgoblin hits you.
You closely miss the hobgoblin.
The hobgoblin is almost dead.
The hobgoblin closely misses you. The hobgoblin hits you.
* * * LOW HITPOINT WARNING * * *
The hobgoblin attacks as you move away! The hobgoblin hits you.
* * * LOW HITPOINT WARNING * * *
The hobgoblin attacks as you move away! The hobgoblin closely misses you.
The kobold shouts!
You hit the hobgoblin.
You kill the hobgoblin!
You closely miss the hobgoblin. The hobgoblin hits you.
You die...

#..#.. .. #..#.# .#
#..#.#..# #......?# #.K#
# #..##.# .# #.....# ...
##g#### .... ###@##.###
.##..##........# ###
...............####P####
.##..##.#.#...##.......##
.... #.#....##.#######.##
## #.###.##P.#P....##.#
#.###.###.##.###.##.
#)....#<##.#.#P#..#.
#####.#..#.#....#.#.


You could see a hobgoblin and a kobold.

Vanquished Creatures
  A hobgoblin (D:1)
1 creature vanquished.

Notes
Turn   | Place    | Note
-------+----------+-------------------------------------------
     0 | D:1      | RascalDebosk the Djinni Enchanter began the quest for the
                  | Orb.
     0 | D:1      | RascalDebosk set off with the following spells memorised:
                  | Ensorcelled Hibernation, Confusing Touch, Tukima's Dance,
                  | Dazzling Flash.
     0 | D:1      | Reached XP level 1. HP: 15/15 MP: 0/0
   102 | D:1      | Slain by a hobgoblin

Illustrated notes

Levels and vault maps discovered:
D:1:      nagdon_arrival_double_spiral, layout_loops_corners,
          shapermc_ecumenical_altar_gd, amcnicky_mini_corridor_feature

Action                   || total
-------------------------++-------
Melee: Dagger            ||     8
Armor: Robe              ||     1
Dodge: Dodged            ||     6
